 Dungeon Crawl Stone Soup version 0.17-a0-129-g9432df0 (webtiles) character file.

3294 PolkaDot the Jinx (level 9, 0/51 HPs)
             Began as a Vampire Enchanter on Mar 24, 2015.
             Was an Initiate of Ashenzari.
             Slain by an orc
             ... wielding a +0 club
              (2 damage)
             ... on level 8 of the Dungeon.
             The game lasted 00:27:55 (9826 turns).

PolkaDot the Jinx (Vampire Enchanter)               Turns: 9826, Time: 00:27:55

Health: 0/51       AC:  7    Str:  7    XL:     9   Next: 69%
Magic:  6/14       EV: 12    Int: 20    God:    Ashenzari [......]
Gold:   384        SH:  0    Dex: 14    Spells: 4 memorised, 2 levels left

rFire  . . .     SeeInvis +     b - +1 rapier (speed)
rCold  + + .     Clarity  .     a - +2 robe
rNeg   + + +     SustAb   .     (no shield)
rPois  ∞         Gourm    .     (no helmet)
rElec  .         Spirit   .     l - +0 cloak
rCorr  .         Warding  .     (no gloves)
rMut   .         Stasis   .     (no boots)
MR     .....                    (no amulet)
Stlth  ++++++....               (no ring)
                                s - ring of wizardry

@: bloodless, non-regenerating, not resistant to hostile enchantments, very
stealthy
A: bottle blood, fangs 3, talons 1, thin metallic scales 1, see invisible, frail
1, unbreathing, evolution 1
a: Bat Form, Renounce Religion


You were on level 8 of the Dungeon.
You worshipped Ashenzari.
Ashenzari was noncommittal.
You were bloodless.

You visited 2 branches of the dungeon, and saw 9 of its levels.
You also visited: Sewer.

You collected 574 gold pieces.
You spent 190 gold pieces at shops.

Inventory:

Hand weapons
 b - a +1 rapier of speed (weapon)
Armour
 a - a +2 robe (worn)
 l - a +0 cloak (worn)
Jewellery
 c - an uncursed ring of teleportation
 s - a ring of wizardry (left hand)
Magical devices
 n - a wand of digging (10)
Scrolls
 d - a scroll of recharging
 f - a scroll of magic mapping
 g - a scroll of random uselessness
 h - a scroll of enchant armour
 i - a scroll of brand weapon {unknown}
 k - a scroll of amnesia
 m - 2 scrolls of fog
 o - 2 scrolls of teleportation
 p - a scroll of noise {unknown}
 q - 3 scrolls of curse jewellery
 u - 4 scrolls of fear
 v - a scroll of immolation {unknown}
Potions
 j - a potion of haste
 r - 2 potions of restore abilities


   Skills:
 * Level 8.4 Short Blades
 - Level 2.1 Dodging
 + Level 11.3 Stealth
 - Level 2.0 Spellcasting
 + Level 13.0 Hexes
 - Level 1.5 Ice Magic


You had 2 spell levels left.
You knew the following spells:

 Your Spells              Type           Power        Failure   Level  Hunger
a - Corona                Hex            ######.      1%          1    #......
c - Confuse               Hex            ######..     1%          3    ###....
d - Ensorcelled Hibernat  Hex/Ice        ####..       1%          2    ##.....
e - Enslavement           Hex            ######..     1%          4    #####..


Dungeon Overview and Level Annotations

Branches:
Dungeon (8/15)             Temple (1/1) D:7
   Lair: D:8-11

Altars:
Ashenzari
Cheibriados
Dithmenos
Elyvilon
Fedhas
Gozag
Kikubaaqudgha
Makhleb
Nemelex Xobeh
Okawaru
Qazlal
Ru
Sif Muna
Trog
Vehumet
Xom
Yredelemnul
Zin
The Shining One

Shops:
D:6 (


Innate Abilities, Weirdness & Mutations

You do not heal naturally.
You can bottle blood from corpses.
You have razor-sharp teeth.
You have supernaturally acute eyesight.
You can survive without breathing.
You have sharp toenails.
You are partially covered in thin metallic scales (AC +2).
You are frail (-10% HP).
You evolve.


Message History

Confirm with . or Enter, or press ? or * to list all spells.
Aiming: Ensorcelled Hibernation
Press: ? - help, Shift-Dir - straight line, f - orc warrior
Aim: an orc warrior, wielding a trident of piercing and wearing a plate armour (chance 60%)
The orc warrior resists with significant effort.
The orc hits you but does no damage. The orc hits you with a club.
* * * LOW HITPOINT WARNING * * *
The orc warrior hits you with a trident of piercing!
* * * LOW HITPOINT WARNING * * *
x2
Casting: Ensorcelled Hibernation
Confirm with . or Enter, or press ? or * to list all spells.
Aiming: Ensorcelled Hibernation
Press: ? - help, Shift-Dir - straight line, f/p - orc warrior
Aim: an orc warrior, wielding a trident of piercing and wearing a plate armour (chance 60%)
The orc warrior resists with significant effort.
* * * LOW MAGIC WARNING * * *
The orc hits you with a falchion!
* * * LOW HITPOINT WARNING * * *
The orc hits you with a club.
You die...

#.....####.##
#?...........#
#.....#######
#.....#...
#.....#.#####
####......=..
..#######.........
.............!....
##.....o@..#+#...
#.....oo..# ..
#.........#
#.........#
#.........#
.........#
........# ########


You could see an orc warrior and 2 orcs.

Vanquished Creatures
  Pikel (D:5)
  A yak (D:7)
  3 centaurs
  Edmund (D:6)
  A sky beast (D:5)
  Purgy (Sewer)
  2 necrophages (D:7)
  A slave (D:5)
  4 ogres
  A phantom (D:5)
  An orc warrior (D:7)
  Sigmund (D:6)
  A giant frog (D:6)
  A wyvern skeleton (D:6)
  2 scorpions
  A crimson imp (D:7)
  2 goliath beetles
  A quasit (D:7)
  2 jellies
  Crazy Yiuf (D:6)
  A hound (D:6)
  An orc priest (D:7)
  8 orc wizards
  3 giant frog skeletons
  3 iguanas
  A gnoll shaman (D:7)
  3 worker ants
  A killer bee zombie (D:7)
  A hound zombie (D:7)
  2 hound skeletons (D:7)
  A worker ant zombie (D:3)
  8 gnolls
  2 giant mites (D:1)
  8 adders
  2 worms (D:3)
  6 giant geckos
  2 oozes
  31 orcs
  2 ball pythons
  20 bats
  A bat skeleton (D:6)
  A bat zombie (D:5)
  8 giant cockroaches
  14 goblins
  16 hobgoblins
  11 kobolds
  3 giant newts
  17 jackals
  4 quokkas
  18 rats
  2 ballistomycetes (D:6)
230 creatures vanquished.

Vanquished Creatures (collateral kills)
  A hound (D:6)
  3 sheep (D:7)
4 creatures vanquished.

Vanquished Creatures (others)
  A human (D:7)
  A slave (D:5)
  A scorpion (D:6)
  A crimson imp (D:5)
  An orc wizard (D:5)
  An iguana (D:5)
  A hobgoblin (D:5)
  A jackal (D:5)
  A giant cockroach (D:6)
  A giant spore (D:6)
10 creatures vanquished.

Grand Total: 244 creatures vanquished

Notes
Turn   | Place    | Note
--------------------------------------------------------------
     0 | D:1      | PolkaDot, the Vampire Enchanter, began the quest for the Orb.
     0 | D:1      | Reached XP level 1. HP: 13/13 MP: 3/3
   177 | D:1      | Reached XP level 2. HP: 11/19 MP: 1/4
   182 | D:1      | Reached skill level 5 in Hexes
   695 | D:1      | Learned a level 2 spell: Ensorcelled Hibernation
   874 | D:1      | Reached skill level 5 in Stealth
   876 | D:1      | Reached XP level 3. HP: 24/24 MP: 6/6
  1286 | D:1      | Found a sparkling altar of Nemelex Xobeh.
  1762 | D:2      | Reached skill level 6 in Hexes
  1762 | D:2      | Reached XP level 4. HP: 30/30 MP: 7/7
  2224 | D:2      | Learned a level 3 spell: Confuse
  2320 | D:3      | Found a shadowy altar of Dithmenos.
  2666 | D:3      | Reached XP level 5. HP: 35/35 MP: 9/9
  3272 | D:3      | Found a blossoming altar of Fedhas.
  3284 | D:3      | Reached skill level 7 in Hexes
  3700 | D:4      | Reached skill level 1 in Ice Magic
  3800 | D:4      | Reached XP level 6. HP: 41/41 MP: 10/10
  3850 | D:4      | Noticed an ogre
  3895 | D:4      | Killed an ogre
  3895 | D:4      | Reached skill level 8 in Hexes
  3999 | D:4      | Gained mutation: You are frail (-10% HP). [potion of mutation]
  3999 | D:4      | Gained mutation: You are partially covered in thin metallic scales (AC +2). [potion of mutation]
  4152 | D:4      | Reached XP level 7. HP: 30/41 MP: 0/12
  4817 | D:4      | Learned a level 4 spell: Enslavement
  4842 | D:5      | Entered Level 5 of the Dungeon
  5450 | D:5      | Reached skill level 9 in Hexes
  5593 | D:5      | Noticed Pikel
  5988 | D:5      | Killed Pikel
  5988 | D:5      | Reached skill level 5 in Short Blades
  5988 | D:5      | Reached skill level 10 in Hexes
  5988 | D:5      | Reached XP level 8. HP: 46/46 MP: 10/13
  6093 | D:5      | Reached skill level 11 in Hexes
  7255 | D:6      | Noticed Edmund
  7262 | D:6      | Killed Edmund
  7262 | D:6      | Reached skill level 12 in Hexes
  7266 | D:6      | Found Shriha's Weapon Shoppe.
  7270 | D:6      | Bought a +1 rapier of speed for 190 gold pieces
  7328 | D:6      | Reached XP level 9. HP: 39/51 MP: 1/14
  7344 | D:6      | Found a glowing drain.
  7346 | D:6      | Noticed Sigmund
  7352 | Sewer    | Entered a sewer
  7457 | Sewer    | Noticed Purgy
  7462 | Sewer    | Killed Purgy
  7462 | Sewer    | Reached skill level 10 in Stealth
  7521 | D:6      | Killed Sigmund
  7820 | D:6      | Noticed Crazy Yiuf
  7826 | D:6      | Killed Crazy Yiuf
  8912 | D:7      | Found a staircase to the Ecumenical Temple.
  8918 | Temple   | Entered the Ecumenical Temple
  9027 | Temple   | Became a worshipper of Ashenzari the Shackled
  9222 | D:7      | Gained mutation: You evolve. [potion of mutation]
  9222 | D:7      | Gained mutation: You have sharp toenails. [potion of mutation]
  9537 | D:7      | Reached skill level 13 in Hexes
  9826 | D:8      | HP: 2/51 [orc/falchion (7)]
  9826 | D:8      | Slain by an orc

Action                   |  1- 3 |  4- 6 |  7- 9 || total
-------------------------+-------+-------+-------++-------
Melee: Dagger            |   114 |   205 |   143 ||   462
       Rapier            |       |       |   187 ||   187
 Cast: Corona            |     6 |       |       ||     6
       Ensorcelled Hiber |     3 |    54 |    95 ||   152
       Confuse           |       |     2 |    20 ||    22
       Enslavement       |       |       |     2 ||     2
  Use: Scroll            |       |     8 |     7 ||    15
       Potion            |       |     5 |    12 ||    17
 Stab: Sleeping          |    13 |    49 |    68 ||   130
       Distracted        |       |     1 |     1 ||     2
       Confused          |       |     1 |    13 ||    14
